 Dungeon Crawl Stone Soup version 0.32-a0-361-g289a535e89 (webtiles) character file.

Game seed: 18120593168067415468

678 CowFu the Cudgeller (level 7, -2/61 HPs)
             Began as a Mountain Dwarf Fighter on Feb 18, 2024.
             Slain by a gnoll
             ... wielding a +0 spear
              (5 damage)
             ... on level 4 of the Dungeon.
             The game lasted 00:03:20 (2836 turns).

CowFu the Cudgeller (Mountain Dwarf Fighter)        Turns: 2836, Time: 00:03:21

Health: -2/61      AC:  9    Str: 21    XL:     7   Next: 34%
Magic:  7/7        EV:  8    Int:  8    God:
Gold:   129        SH:  4    Dex:  9    Spells: 6/6 levels left

rFire   . . .        a - +0 flail
rCold   . . .        c - +0 buckler
rNeg    . . .        l - +0 chain mail
rPois   .            (no helmet)
rElec   .            (no cloak)
rCorr   .            (no gloves)
SInv    .            (no boots)
Will    .....        (no amulet) Stlth
                     (no ring)
HPRegen 0.30/turn    (no ring)
MPRegen 0.10/turn

%: no passive effects
@: no status effects
A: runic magic, artefact enchanting
a: no special abilities


You were on level 4 of the Dungeon.
You visited 1 branch of the dungeon, and saw 5 of its levels.

You collected 129 gold pieces.

Inventory:

Hand Weapons
 a - a +0 flail (weapon)
Armour
 c - a +0 buckler (worn)
 l - a +0 chain mail (worn)
Wands
 b - a wand of paralysis (6)
Scrolls
 e - 3 scrolls of identify {unknown}
 g - 2 scrolls of revelation {unknown}
 m - a scroll of poison {unknown}
Potions
 d - a potion of might
 f - 2 potions of heal wounds {unknown}
 h - a potion of invisibility {unknown}
 i - 2 potions of curing {unknown}
 j - a potion of brilliance {unknown}
 k - 2 potions of lignification {unknown}


   Skills:
 + Level 5.0 Fighting
 + Level 6.7 Maces & Flails
 + Level 5.0 Armour
 + Level 5.0 Shields


You had 6 spell levels left.
You didn't know any spells.
Your spell library was empty.

Dungeon Overview and Level Annotations

Branches:
Dungeon (5/15)
 Temple: D:4-7

Altars:
Dithmenos
Qazlal
Yredelemnul


Innate Abilities, Weirdness & Mutations

Your spellcasting is much less encumbered by armour.
You can use scrolls of enchantment on lesser artefacts.


Message History

The gnoll hits you from afar with a +0 spear.
You barely miss the ogre.
The ogre is heavily wounded.
The gnoll completely misses you. The ogre barely misses you.
You hit the ogre.
The ogre is severely wounded.
The gnoll closely misses you.
You hit the ogre.
The ogre is almost dead.
The gnoll hits you from afar with a +0 spear!
The ogre hits you with a +0 giant club!
* * * LOW HITPOINT WARNING * * *
You are too injured to fight recklessly!
You are too injured to fight recklessly!
You are too injured to fight recklessly!
You are too injured to fight recklessly!
You are too injured to fight recklessly!
You are too injured to fight recklessly!
You are too injured to fight recklessly!
You are too injured to fight recklessly!
You are too injured to fight recklessly!
You are too injured to fight recklessly!
You are too injured to fight recklessly!
You are too injured to fight recklessly!
You are too injured to fight recklessly!
You are too injured to fight recklessly!
You are too injured to fight recklessly!
You are too injured to fight recklessly!
A gnoll comes into view. It is wielding a +0 flail.
The gnoll closely misses you. The ogre attacks as it pursues you!
The ogre hits you with a +0 giant club!
* * * LOW HITPOINT WARNING * * *
There is a stone staircase leading up here.
You hit the ogre.
The ogre is almost dead.
You block the gnoll's attack.
You hit the ogre.
You kill the ogre!
The gnoll hits you from afar with a +0 spear.
You die...

... .. .. . ..
.. # .. .
.#.#... ##.
.#...
#.#.g###... ..
....gg...##....
#...).....
#@).......
###.#.^.#. ##
###


You could see 2 gnolls.

Vanquished Creatures
  Grinder (D:3)
  An ogre (D:4)
  A water moccasin zombie (D:4)
  A scorpion (D:5)
  A bombardier beetle (D:3)
  2 orc priests (D:3)
  A jelly (D:4)
  A scorpion zombie (D:4)
  Robin (D:3)
  5 adders
  3 ribbon worms
  A dart slug (D:2)
  6 orcs
  5 ball pythons
  9 bats
  6 endoplasms
  2 giant cockroaches (D:2)
  11 goblins
  10 hobgoblins
  2 jackals (D:3)
  3 quokkas
  A frilled lizard (D:3)
  8 kobolds
  11 rats
93 creatures vanquished.

Notes
Turn   | Place    | Note
-------+----------+-------------------------------------------
     0 | D:1      | CowFu the Mountain Dwarf Fighter began the quest for the
                  | Orb.
     0 | D:1      | Reached XP level 1. HP: 19/19 MP: 1/1
    88 | D:1      | Reached skill level 3 in Maces & Flails
    95 | D:1      | Reached XP level 2. HP: 25/26 MP: 2/2
   253 | D:1      | Reached skill level 4 in Maces & Flails
   381 | D:1      | Reached XP level 3. HP: 31/31 MP: 3/3
   761 | D:2      | Reached skill level 5 in Maces & Flails
   965 | D:2      | Reached XP level 4. HP: 38/38 MP: 4/4
  1222 | D:2      | Found a shadowy altar of Dithmenos.
  1574 | D:2      | Reached XP level 5. HP: 40/45 MP: 5/5
  1827 | D:3      | Identified the +0 robe of Apathy {Harm Rampage rN+ Slay-3}
  1879 | D:3      | Noticed Grinder
  1881 | D:3      | Noticed Robin
  1884 | D:3      | Paralysed by Grinder for 4 turns
  1901 | D:3      | Killed Grinder
  1902 | D:3      | Reached skill level 6 in Maces & Flails
  1902 | D:3      | Reached XP level 6. HP: 6/53 MP: 6/6
  1918 | D:3      | Killed Robin
  2143 | D:3      | You fall into a shaft and drop 2 floors!
  2143 | D:5      | Entered Level 5 of the Dungeon
  2239 | D:4      | Found a basalt altar of Yredelemnul.
  2245 | D:4      | Reached XP level 7. HP: 50/60 MP: 7/7
  2448 | D:3      | Found a stormy altar of Qazlal.
  2560 | D:3      | Reached skill level 5 in Fighting
  2560 | D:3      | Reached skill level 5 in Armour
  2560 | D:3      | Reached skill level 5 in Shields
  2834 | D:4      | HP: 3/61 [ogre/+0 giant club (11)]
  2836 | D:4      | Slain by a gnoll

Illustrated notes

Levels and vault maps discovered:
D:1:      dpeg_arrival_connections, layout_basic, minmay_quantized
D:2:      minmay_diamond_boxcup, layout_loops_cross, basic_altar,
          chequers_serial_rivers_small_b
D:3:      layout_rooms, nicolae_qazlal_scattered_showers,
          hangedman_decor_diamond_cutter, uniq_grinder, uniq_robin
D:4:      layout_cave_pools, kennysheep_little_box,
          nicolae_yredelemnul_corpse_copse, lemuel_round_altar,
          nicolae_grassy_gnolls
D:5:      minmay_inner_zag, layout_basic, xom_teletrap_fun, serial_shops, shop,
          uniq_pikel

Skill      XL: |  1  2  3  4  5  6  7 |
---------------+----------------------+-----
Maces & Flails | 3 4 5 6 |  6.7
Fighting       | 4 5 |  5.0
Armour         | 4 5 |  5.0
Shields        | 4 5 |  5.0

Action                     |  1- 3 |  4- 6 |  7- 9 || total
---------------------------+-------+-------+-------++-------
  Melee: Flail             |    90 |   155 |    48 ||   293
    Use: Potion            |       |     1 |       ||     1
 Armour: Scale mail        |    61 |     6 |       ||    67
         Chain mail        |       |   117 |    30 ||   147
  Dodge: Dodged            |    35 |    50 |    21 ||   106
  Block: Buckler           |    17 |    37 |    10 ||    64

Table legend: (Time is in decaauts)
 A = Elapsed time spent in this place.
 B = Non-inter-level travel time spent in this place.
 C = Inter-level travel time spent in this place.
 D = Time resting spent in this place.
 E = Time spent auto-exploring this place.
 F = Levels seen in this place.
 G = Mean time per level.
                   A        B        C        D        E       F      G
               +--------+--------+--------+--------+--------+-----+--------+
         Total |   2881 |   2816 |     65 |      0 |   2238 |   5 |  576.2 |
       Dungeon |   2881 |   2816 |     65 |      0 |   2238 |   5 |  576.2 |
               +--------+--------+--------+--------+--------+-----+--------+

Top non-repeatable levels by time:
     D:2: 956 daAuts
     D:3: 879 daAuts
     D:1: 726 daAuts
     D:4: 254 daAuts
     D:5: 64 daAuts
